 Dungeon Crawl Stone Soup version 0.31-a0-221-gbddc013574 (webtiles) character file.

Game seed: 12920385326281551660

140 qw the Shooter (level 5, -1/30 HPs)
             Began as a Gargoyle Hexslinger on July 4, 2023.
             Slain by a quokka (5 damage)
             ... on level 3 of the Dungeon.
             The game lasted 00:01:01 (2346 turns).

qw the Shooter (Gargoyle Hexslinger)                Turns: 2346, Time: 00:01:02

Health: -1/30      AC:  0    Str: 12    XL:     5   Next: 23%
Magic:  6/6        EV: 14    Int: 13    God:
Gold:   157        SH:  0    Dex: 14    Spells: 5/6 levels left

rFire   . . .        Y - melded +1 sling
rCold   . . .        (shield currently unavailable)
rNeg    + . .        h - melded +0 ring mail
rPois   inf          (helmet currently unavailable)
rElec   .            (cloak currently unavailable)
rCorr   .            (gloves currently unavailable)
SInv    .            (boots currently unavailable)
Will    .....        (no amulet)
Stlth   +            (ring currently unavailable)
HPRegen 0.25/turn    (ring currently unavailable)
MPRegen 0.10/turn

%: no passive effects
@: pig-form (expiring), very quick
A: fast, no casting, sickness immunity, AC +4, small, negative energy resistance
1, (electricity resistance), torment resistance 1, petrification resistance
a: no special abilities


You were on level 3 of the Dungeon.
You were a filthy swine.
You visited 1 branch of the dungeon, and saw 3 of its levels.

You collected 157 gold pieces.


Innate Abilities, Weirdness & Mutations

You are a filthy swine.
You move quickly.
Your equipment is almost entirely melded.
You are incapable of wielding weapons or throwing items.
You cannot cast spells.
You are immune to sickness and miasma.
((Your stone body is resilient. (AC +4)))
You are immune to poison.
You resist negative energy. (rN+)
((You are resistant to electric shocks. (rElec)))
You are resistant to unholy torment.
You are immune to petrification.


   Skills:
 - Level 2.0 Fighting
 + Level 4.8 Ranged Weapons
 - Level 1.1 Armour
 - Level 1.5 Dodging
 - Level 1.0 Spellcasting
 - Level 2.6 Hexes


You had 5 spell levels left.
You knew the following spells:

 Your Spells              Type           Power      Damage    Failure   Level
a - Slow                  Hex            28%        N/A       10%         1

Your spell library contained the following spells:

 Spells                   Type           Power      Damage    Failure   Level
 Inner Flame              Hex/Fire       4%         N/A       43%         3
 Portal Projectile        Hex/Tloc       8%         N/A       43%         3
 Cause Fear               Hex            3%         N/A       67%         4

Inventory:

Hand Weapons
 Y - a +1 sling (melded)
Armour
 h - a +0 ring mail (melded)
Scrolls
 b - a scroll of identify {unknown}
Potions
 c - a potion of enlightenment {unknown}
 d - 2 potions of resistance {unknown}
 e - 2 potions of curing {unknown}

Dungeon Overview and Level Annotations

Branches:
Dungeon (3/15)

Altars:
Dithmenos

Annotations:
D:3 Ijyb


Message History

You feel much better. Ijyb screams, "Me kill you!" Ijyb misses you.
The quokka bites you.
You hit Ijyb but do no damage.
Ijyb is moderately wounded.
The quokka barely misses you. Ijyb hits you with a +0 club.
You hit Ijyb but do no damage.
Ijyb is moderately wounded.
The quokka closely misses you. Ijyb barely misses you.
You hit Ijyb but do no damage.
Ijyb is moderately wounded.
The quokka bites you. Ijyb closely misses you.
You barely miss Ijyb.
Ijyb is moderately wounded.
The quokka bites you. Ijyb hits you with a +0 club.
You hit Ijyb but do no damage.
Ijyb is moderately wounded.
The quokka closely misses you. Ijyb completely misses you.
The quokka barely misses you.
You barely miss Ijyb.
Ijyb is moderately wounded.
The quokka barely misses you. Ijyb barely misses you.
You hit Ijyb but do no damage.
Ijyb is moderately wounded.
The quokka bites you. Ijyb barely misses you.
You hit Ijyb but do no damage.
Ijyb is moderately wounded.
The quokka closely misses you. Ijyb hits you with a +0 club.
You completely miss Ijyb.
Ijyb is moderately wounded.
Your transformation is almost over.
The quokka twitches its whiskers.
The quokka bites you.
You hit Ijyb.
Ijyb is heavily wounded.
Ijyb barely misses you. The quokka barely misses you.
You hit Ijyb but do no damage.
Ijyb is heavily wounded.
The quokka bites you.
You die...

.# #.#.#.#.#.#.#..# #.#
#.#.#.#.#.#.#.# #.#
#.#.#.#.#.#..# #.#
#.#.#.#.#.#.#.. #.#
#.#.#.#.#.#.#..# #.# #.#.#
#.#.#.#.#.# #.#.#.#
#<#.#.#..# #.#.#.
#.#.#.#.### ### #.#h#.#
#.#.#.#?#..# ..# #.#g#r#
#.#(#.#.#.#.# ##.#
#.#.#.#.#.#.#.#.#.#..#
#.#.#.#.#.#.#.#.#.#.#.#.#.#
##.#.#.#.#.#.#.#.#.#.#.#..#
#.#.#.#.#.#.#.#.#.#.#.#.#..
##.#.#.#.#.#.#.#.#.#.#.#.#.
#.#)#.#g#.#.#.#.#.#.#.#.##.
##[#.#.#.#.#.#.#.#.#.#.#.##


You could see Ijyb and a quokka.

Vanquished Creatures
  A howler monkey (D:3)
  4 adders
  A worm (D:3)
  An orc (D:3)
  6 bats
  9 endoplasms
  2 giant cockroaches (D:1)
  6 goblins
  5 hobgoblins
  4 jackals (D:1)
  A quokka (D:2)
  5 ball pythons
  5 frilled lizards
  5 kobolds
  2 rats (D:2)
57 creatures vanquished.

Notes
Turn   | Place    | Note
-------+----------+-------------------------------------------
     0 | D:1      | qw the Gargoyle Hexslinger began the quest for the Orb.
     0 | D:1      | Reached XP level 1. HP: 12/12 MP: 2/2
     0 | D:1      | 0 ||| qw: Version: 0.3-a-41-g9d075ac
     0 | D:1      | 0 ||| qw: Game counter: 801
     0 | D:1      | 0 ||| qw: Melee chars always use a shield: true
     0 | D:1      | 0 ||| qw: God list: Okawaru
     0 | D:1      | 0 ||| qw: Allow faded altars: false
     0 | D:1      | 0 ||| qw: Do Orc after clearing Dungeon:15 true
     0 | D:1      | 0 ||| qw: Do second Lair branch before Depths: true
     0 | D:1      | 0 ||| qw: Lair rune preference: random
     0 | D:1      | 0 ||| qw: Goals: Normal
     0 | D:1      | 0 ||| PLANNING D:1-11
    72 | D:1      | Reached XP level 2. HP: 13/16 MP: 3/3
   139 | D:1      | Reached skill level 3 in Ranged Weapons
   895 | D:1      | Reached XP level 3. HP: 21/21 MP: 4/4
   987 | D:1      | 987 ||| UPGRADING to +0 ring mail.
   997 | D:1      | 997 ||| DROPPING +0 robe.
   998 | D:1      | 998 ||| READING 2 scrolls labelled VUPAOFORIE.
  1002 | D:1      | 1002 ||| READING scroll labelled WAPPOEMADO.
  1003 | D:1      | 1003 ||| READING scroll labelled POULUY FOMI.
  1004 | D:1      | 1004 ||| DRINKING 2 cyan potions.
  1005 | D:1      | 1005 ||| DROPPING scroll of poison.
  1174 | D:2      | Found a faded altar of an unknown god.
  1281 | D:2      | HP: 5/21 [frozen (5)]
  1282 | D:2      | 1282 ||| READING scroll of teleportation.
  1282 | D:2      | HP: 1/21 [frozen (5)]
  1283 | D:2      | 1283 ||| DRINKING 2 potions of heal wounds.
  1401 | D:2      | Reached XP level 4. HP: 18/26 MP: 5/5
  1406 | D:2      | Reached skill level 4 in Ranged Weapons
  1611 | D:2      | Reached skill level 1 in Armour
  1788 | D:2      | 1788 ||| DRINKING 3 red potions.
  1806 | D:2      | 1806 ||| DROPPING 2 potions of lignification.
  1957 | D:3      | Identified the +2 trident "Ox" {heavy, *Noise rCorr Int+3}
  2003 | D:3      | Found a shadowy altar of Dithmenos.
  2268 | D:3      | Reached XP level 5. HP: 28/30 MP: 6/6
  2296 | D:3      | Noticed Ijyb
  2308 | D:3      | 2308 ||| READING 2 scrolls of teleportation.
  2317 | D:3      | 2317 ||| READING scroll of teleportation.
  2326 | D:3      | 2326 ||| FLEEEEING.
  2334 | D:3      | HP: 7/30 [Ijyb/+0 club (5)]
  2335 | D:3      | 2335 ||| DRINKING potion of heal wounds.
  2343 | D:3      | HP: 7/30 [Ijyb/+0 club (3)]
  2344 | D:3      | HP: 3/30 [quokka (4)]
  2346 | D:3      | Slain by a quokka

Levels and vault maps discovered:
D:1:      dpeg_arrival_arbitrary_a, layout_rooms, serial_co_window_serial,
          co_window_corner_a, co_window_of_opportunity_a, co_window_corner_a,
          co_window_paths_b, co_window_corner_a, co_window_broadway_a,
          co_window_corner_b, co_window_2corner, co_window_paths_c,
          co_window_broadway_b, co_window_2corner,
          chequers_serial_rivers_room_a, hangedman_glass_garden
D:2:      layout_loops_ring, hellmonk_ecumenical_altar_blasted
D:3:      layout_basic, nicolae_dithmenos_the_darkroom, uniq_ijyb

Skill      XL: |  1  2  3  4 |
---------------+-------------+-----
Ranged Weapons | 3 4 |  4.8
Fighting       | 2 |  2.0
Armour         | 1 |  1.1
Dodging        | |  1.5
Spellcasting   | |  1.0
Hexes          | |  2.6

Action                     |  1- 3 |  4- 6 || total
---------------------------+-------+-------++-------
  Melee: Unarmed           |       |    20 ||    20
   Fire: Sling             |   159 |    95 ||   254
    Use: Scroll            |     4 |     2 ||     6
         Potion            |     2 |     2 ||     4
 Armour: Robe              |    12 |       ||    12
         Ring mail         |    50 |    32 ||    82
  Dodge: Dodged            |    62 |    53 ||   115

Table legend:
 A = Non-vault XP
 B = Vault XP
 C = Vault XP percentage of total XP
 D = Non-vault monster count
 E = Vault monster count
 F = Vault count percentage of total count
                 A         B        C        D         E       F
            +---------+---------+-------+---------+---------+-------
      Total |     201 |       0 |   0.0 |      57 |       0 |   0.0
            +---------+---------+-------+---------+---------+-------
        D:1 |      34 |       0 |   0.0 |      20 |       0 |   0.0
        D:2 |      79 |       0 |   0.0 |      27 |       0 |   0.0
        D:3 |      88 |       0 |   0.0 |      10 |       0 |   0.0
            +---------+---------+-------+---------+---------+-------
